3013 views
Uploaded 2020-03-27 15:01:23
Game version 1.32.3
14:25 long 3on3 ladder game on (6)RollingHills
Saved by Lakuza
3013 views
Uploaded 2020-03-27 15:01:23
Game version 1.32.3
14:25 long 3on3 ladder game on (6)RollingHills


/ 1.5k
45 buildings @ 5.8k
/ 2.1k



| Peasant | 9 | 675 | / | 0 |
| Footman | 5 | 675 | / | 0 |
| Rifleman | 9 | 1845 | / | 270 |
| Priest | 5 | 675 | / | 50 |
| total: | 28 | 3870g | / | 320w |
| Altar of Kings | 1 | 180 | / | 50 |
| Farm | 10 | 800 | / | 200 |
| Barracks | 1 | 160 | / | 60 |
| Blacksmith | 1 | 140 | / | 60 |
| Lumber Mill | 2 | 240 | / | 0 |
| Town Hall | 1 | 385 | / | 205 |
| Arcane Sanctum | 1 | 150 | / | 140 |
| Keep | 1 | 320 | / | 210 |
| Castle | 1 | 360 | / | 210 |
| total: | 17 | 2055g | / | 715w |
| 0:03 | Altar of Kings |
| 0:04 | Peasant |
| 0:04 | Peasant |
| 0:16 | Farm |
| 0:20 | Barracks |
| 0:30 | Peasant |
| 0:40 | Peasant |
| 0:56 | Peasant |
| 1:07 | Peasant |
| 1:10 | Farm |
| 1:22 | Footman |
| 1:29 | Peasant |
| 1:43 | Farm |
| 1:48 | Footman |
| 2:09 | Summon Water Elemental |
| 2:20 | Footman |
| 2:21 | Peasant |
| 2:35 | Peasant |
| 2:46 | Footman |
| 3:08 | Keep |
| 3:22 | Brilliance Aura |
| 3:56 | Blacksmith |
| 4:01 | Farm |
| 4:06 | Farm |
| 4:17 | Footman |
| 4:42 | Lumber Mill |
| 4:46 | Lumber Mill |
| 4:49 | Farm |
| 5:57 | Rifleman |
| 5:58 | Arcane Sanctum |
| 6:20 | Farm |
| 6:41 | Summon Water Elemental |
| 6:44 | Rifleman |
| 6:48 | Long Rifles |
| 6:58 | Storm Bolt |
| 7:11 | Rifleman |
| 7:20 | Priest |
| 7:20 | Priest |
| 7:22 | Priest Adept Training |
| 7:51 | Rifleman |
| 8:20 | Rifleman |
| 8:21 | Priest |
| 8:46 | Rifleman |
| 8:55 | Farm |
| 8:57 | Castle |
| 9:00 | Black Gunpowder |
| 9:00 | Refined Gunpowder |
| 10:21 | Bash |
| 11:04 | Rifleman |
| 11:05 | Priest |
| 11:31 | Rifleman |
| 11:43 | Brilliance Aura |
| 11:48 | Imbued Gunpowder |
| 11:51 | Farm |
| 12:56 | Holy Light |
| 13:35 | Storm Bolt |
| 14:01 | Summon Water Elemental |
| 14:06 | Rifleman |
| 14:07 | Priest |
| 14:12 | Farm |
| 14:17 | Town Hall |
| Right click | 640 |
| Select group | 482 |
| Select | 179 |
| Misc. action | 102 |
| Build/train/purchase | 74 |
| Use ability | 26 |
| Assign group | 25 |
| Item give/drop | 1 |


| Peasant | 14 | 1050 | / | 0 |
| Footman | 8 | 1080 | / | 0 |
| Rifleman | 10 | 2050 | / | 300 |
| Priest | 7 | 945 | / | 70 |
| total: | 39 | 5125g | / | 370w |
| Scout Tower | 2 | 60 | / | 40 |
| Guard Tower | 2 | 140 | / | 100 |
| Altar of Kings | 1 | 180 | / | 50 |
| Barracks | 1 | 160 | / | 60 |
| Farm | 8 | 640 | / | 160 |
| Lumber Mill | 1 | 120 | / | 0 |
| Blacksmith | 1 | 140 | / | 60 |
| Town Hall | 1 | 385 | / | 205 |
| Arcane Sanctum | 1 | 150 | / | 140 |
| Keep | 4 | 1280 | / | 840 |
| Castle | 2 | 720 | / | 420 |
| total: | 16 | 1835g | / | 715w |
| 0:03 | Peasant |
| 0:03 | Peasant |
| 0:06 | Altar of Kings |
| 0:21 | Barracks |
| 0:27 | Peasant |
| 0:35 | Farm |
| 0:38 | Peasant |
| 0:50 | Farm |
| 0:57 | Peasant |
| 1:03 | Peasant |
| 1:21 | Footman |
| 1:22 | Footman |
| 1:22 | Footman |
| 1:27 | Peasant |
| 1:36 | Footman |
| 1:37 | Footman |
| 1:37 | Footman |
| 1:37 | Footman |
| 1:46 | Farm |
| 1:53 | Peasant |
| 2:08 | Footman |
| 2:11 | Summon Water Elemental |
| 2:37 | Keep |
| 2:38 | Keep |
| 3:07 | Lumber Mill |
| 3:32 | Farm |
| 3:39 | Blacksmith |
| 3:46 | Brilliance Aura |
| 4:19 | Improved Masonry |
| 4:23 | Farm |
| 6:04 | Arcane Sanctum |
| 6:08 | Rifleman |
| 6:08 | Farm |
| 6:10 | Black Gunpowder |
| 6:29 | Improved Lumber Harvesting |
| 6:31 | Rifleman |
| 6:32 | Long Rifles |
| 6:47 | Priest |
| 7:06 | Storm Bolt |
| 7:18 | Priest |
| 7:19 | Priest Adept Training |
| 7:20 | Rifleman |
| 7:50 | Rifleman |
| 8:00 | Summon Water Elemental |
| 8:51 | Town Hall |
| 8:56 | Scout Tower |
| 9:06 | Priest |
| 9:07 | Rifleman |
| 9:09 | Peasant |
| 9:09 | Peasant |
| 9:10 | Advanced Masonry |
| 10:10 | Rifleman |
| 10:10 | Priest |
| 10:28 | Thunder Clap |
| 10:28 | Thunder Clap |
| 10:54 | Guard Tower |
| 11:02 | Peasant |
| 11:02 | Peasant |
| 11:03 | Peasant |
| 11:03 | Peasant |
| 11:05 | Rifleman |
| 11:06 | Rifleman |
| 11:08 | Castle |
| 11:10 | Priest |
| 11:13 | Farm |
| 11:41 | Refined Gunpowder |
| 11:41 | Imbued Gunpowder |
| 12:56 | Brilliance Aura |
| 13:11 | Thunder Clap |
| 13:19 | Rifleman |
| 13:20 | Priest |
| 13:28 | Scout Tower |
| 13:42 | Rifleman |
| 13:42 | Priest |
| 13:45 | Farm |
| Right click | 817 |
| Select group | 433 |
| Select | 422 |
| Misc. action | 364 |
| Build/train/purchase | 121 |
| Assign group | 58 |
| Use ability | 15 |
| Minimap ping | 4 |
| Item give/drop | 2 |
| Remove unit | 2 |


| Peon | 9 | 675 | / | 0 |
| Grunt | 7 | 1400 | / | 0 |
| Troll Headhunter | 1 | 140 | / | 20 |
| Raider | 11 | 1980 | / | 440 |
| Tauren | 4 | 1120 | / | 320 |
| total: | 32 | 5315g | / | 780w |
| Altar of Storms | 1 | 180 | / | 50 |
| Orc Burrow | 6 | 960 | / | 240 |
| Barracks | 1 | 180 | / | 50 |
| War Mill | 1 | 205 | / | 0 |
| Voodoo Lounge | 1 | 130 | / | 30 |
| Beastiary | 1 | 145 | / | 140 |
| Tauren Totem | 1 | 135 | / | 155 |
| Stronghold | 2 | 630 | / | 380 |
| Fortress | 2 | 650 | / | 380 |
| total: | 12 | 1935g | / | 665w |
| 0:02 | Peon |
| 0:02 | Peon |
| 0:03 | Peon |
| 0:03 | Peon |
| 0:06 | Altar of Storms |
| 0:22 | Orc Burrow |
| 0:27 | Peon |
| 0:40 | Peon |
| 0:56 | Barracks |
| 1:04 | Peon |
| 1:31 | Orc Burrow |
| 1:36 | Peon |
| 2:02 | Grunt |
| 2:18 | Orc Burrow |
| 2:25 | Feral Spirit |
| 2:34 | Grunt |
| 3:06 | Grunt |
| 3:08 | Peon |
| 3:29 | Pillage |
| 3:30 | Stronghold |
| 3:57 | Grunt |
| 4:11 | Chain Lighting |
| 4:19 | Orc Burrow |
| 4:57 | War Mill |
| 5:02 | Orc Burrow |
| 6:00 | Berserker Strength |
| 6:01 | Grunt |
| 6:10 | Beastiary |
| 6:16 | Troll Headhunter |
| 6:57 | Steel Ranged Weapons |
| 7:03 | Wind Walk |
| 7:18 | Raider |
| 7:19 | Ensnare |
| 7:20 | Raider |
| 7:21 | Steel Melee Weapons |
| 8:20 | Raider |
| 8:20 | Raider |
| 8:29 | Voodoo Lounge |
| 8:35 | Tauren Totem |
| 8:42 | Orc Burrow |
| 9:37 | Thorium Melee Weapons |
| 9:40 | Raider |
| 9:41 | Raider |
| 9:59 | Chain Lighting |
| 10:19 | Critical Strike |
| 10:35 | Grunt |
| 10:36 | Grunt |
| 11:00 | Steel Armor |
| 11:01 | Fortress |
| 11:11 | Raider |
| 13:03 | Feral Spirit |
| 13:39 | Raider |
| 13:39 | Raider |
| 13:40 | Raider |
| 13:41 | Raider |
| 14:11 | Tauren |
| 14:12 | Tauren |
| 14:13 | Tauren |
| 14:14 | Tauren |
| Right click | 615 |
| Select | 245 |
| Select group | 156 |
| Build/train/purchase | 76 |
| Assign group | 20 |
| Use ability | 18 |
| Misc. action | 6 |
| Minimap ping | 5 |
| Esc | 3 |
99 units @ 11.2k
/ 1k
49 buildings @ 7.1k
/ 2.5k


| Potion of Healing | 2 | 300 |
| Lesser Clarity Potion | 2 | 140 |
| Scroll of Town Portal | 1 | 350 |
| total: | 5 | 790g |
| Wisp | 22 | 1320 | / | 0 |
| Archer | 25 | 3250 | / | 250 |
| total: | 47 | 4570g | / | 250w |
| Ancient of War | 3 | 450 | / | 180 |
| Altar of Elders | 1 | 180 | / | 50 |
| Moon Well | 7 | 1260 | / | 280 |
| Ancient of Wonders | 1 | 90 | / | 30 |
| Hunter's Hall | 1 | 210 | / | 100 |
| Tree of Life | 1 | 340 | / | 185 |
| Tree of Ages | 1 | 320 | / | 180 |
| Tree of Eternity | 2 | 660 | / | 400 |
| total: | 14 | 2530g | / | 825w |
| 0:02 | Wisp |
| 0:02 | Wisp |
| 0:02 | Wisp |
| 0:17 | Wisp |
| 0:18 | Wisp |
| 0:21 | Ancient of War |
| 0:29 | Wisp |
| 0:31 | Altar of Elders |
| 0:36 | Moon Well |
| 0:39 | Moon Well |
| 0:44 | Wisp |
| 0:58 | Wisp |
| 1:31 | Archer |
| 1:36 | Wisp |
| 1:39 | Archer |
| 1:47 | Moon Well |
| 2:14 | Wisp |
| 2:14 | Wisp |
| 2:30 | Force of Nature |
| 2:58 | Ancient of War |
| 3:05 | Archer |
| 3:11 | Archer |
| 3:13 | Moon Well |
| 3:17 | Ancient of Wonders |
| 3:33 | Archer |
| 3:42 | Archer |
| 3:55 | Tree of Ages |
| 4:08 | Hunter's Hall |
| 4:12 | Entangling Roots |
| 4:58 | Tree of Life |
| 5:07 | Archer |
| 5:10 | Strength of the Moon |
| 5:19 | Moon Well |
| 6:02 | Archer |
| 6:10 | Moon Armor |
| 6:11 | Ultravision |
| 6:40 | Force of Nature |
| 6:43 | Archer |
| 6:48 | Archer |
| 6:49 | Improved Bows |
| 7:01 | Moon Well |
| 7:13 | Archer |
| 7:15 | Wisp |
| 7:15 | Wisp |
| 7:15 | Wisp |
| 7:15 | Wisp |
| 7:28 | Archer |
| 8:05 | Archer |
| 8:17 | Wisp |
| 8:19 | Ancient of War |
| 8:20 | Wisp |
| 8:56 | Archer |
| 8:57 | Archer |
| 9:05 | Nature's Blessing |
| 9:12 | Scroll of Town Portal |
| 9:24 | Archer |
| 9:25 | Archer |
| 9:26 | Archer |
| 9:58 | Wisp |
| 9:58 | Wisp |
| 9:58 | Wisp |
| 10:07 | Potion of Healing |
| 10:29 | Archer |
| 10:33 | Tree of Eternity |
| 10:37 | Entangling Roots |
| 10:55 | Wisp |
| 10:55 | Wisp |
| 11:03 | Lesser Clarity Potion |
| 11:09 | Moon Well |
| 11:22 | Potion of Healing |
| 11:33 | Archer |
| 11:34 | Archer |
| 11:37 | Improved Strength of the Moon |
| 11:53 | Trueshot Aura |
| 12:33 | Archer |
| 12:48 | Archer |
| 13:21 | Lesser Clarity Potion |
| 13:37 | Archer |
| 14:04 | Archer |
| Right click | 835 |
| Select | 391 |
| Select group | 283 |
| Misc. action | 159 |
| Build/train/purchase | 88 |
| Use ability | 74 |
| Assign group | 32 |
| Esc | 6 |
| Remove unit | 2 |
| Item give/drop | 1 |

| Potion of Healing | 2 | 300 |
| Periapt of Vitality | 1 | 325 |
| total: | 3 | 625g |
| Peasant | 7 | 525 | / | 0 |
| Footman | 9 | 1215 | / | 0 |
| Knight | 5 | 1225 | / | 300 |
| Rifleman | 1 | 205 | / | 30 |
| total: | 22 | 3170g | / | 330w |
| Scout Tower | 3 | 90 | / | 60 |
| Arcane Tower | 1 | 70 | / | 50 |
| Guard Tower | 2 | 140 | / | 100 |
| Altar of Kings | 1 | 180 | / | 50 |
| Farm | 10 | 800 | / | 200 |
| Barracks | 3 | 480 | / | 180 |
| Lumber Mill | 1 | 120 | / | 0 |
| Arcane Vault | 1 | 130 | / | 30 |
| Blacksmith | 1 | 140 | / | 60 |
| Keep | 1 | 320 | / | 210 |
| Castle | 1 | 360 | / | 210 |
| total: | 20 | 1940g | / | 580w |
| 0:02 | Peasant |
| 0:03 | Peasant |
| 0:03 | Peasant |
| 0:03 | Peasant |
| 0:23 | Altar of Kings |
| 0:35 | Farm |
| 0:51 | Barracks |
| 0:54 | Barracks |
| 0:59 | Peasant |
| 0:59 | Peasant |
| 1:06 | Peasant |
| 1:15 | Farm |
| 1:38 | Lumber Mill |
| 1:56 | Footman |
| 1:56 | Footman |
| 1:56 | Footman |
| 2:00 | Farm |
| 2:17 | Arcane Vault |
| 2:35 | Defend |
| 2:41 | Farm |
| 2:47 | Holy Light |
| 3:35 | Farm |
| 3:38 | Farm |
| 3:45 | Footman |
| 3:59 | Keep |
| 4:01 | Footman |
| 4:20 | Farm |
| 4:23 | Farm |
| 4:26 | Footman |
| 5:05 | Divine Shield |
| 5:17 | Scout Tower |
| 5:24 | Farm |
| 5:25 | Footman |
| 5:26 | Footman |
| 5:37 | Blacksmith |
| 6:24 | Barracks |
| 6:26 | Castle |
| 6:59 | Arcane Tower |
| 7:05 | Scout Tower |
| 7:10 | Iron Forged Swords |
| 7:10 | Iron Plating |
| 7:15 | Improved Lumber Harvesting |
| 7:16 | Improved Masonry |
| 7:19 | Footman |
| 7:56 | Holy Light |
| 7:57 | Holy Light |
| 8:23 | Steel Plating |
| 8:27 | Farm |
| 8:34 | Guard Tower |
| 8:43 | Scout Tower |
| 8:50 | Knight |
| 9:03 | Advanced Lumber Harvesting |
| 9:20 | Periapt of Vitality |
| 9:24 | Guard Tower |
| 10:56 | Animal War Training |
| 10:57 | Sundering Blades |
| 10:59 | Knight |
| 11:42 | Knight |
| 11:46 | Rifleman |
| 13:25 | Devotion Aura |
| 13:33 | Potion of Healing |
| 13:39 | Knight |
| 13:39 | Knight |
| 13:52 | Potion of Healing |
| Right click | 217 |
| Select | 143 |
| Build/train/purchase | 74 |
| Select group | 38 |
| Misc. action | 22 |
| Use ability | 18 |
| Assign group | 11 |
| Esc | 3 |

| Lesser Clarity Potion | 1 | 70 |
| Potion of Mana | 1 | 200 |
| total: | 2 | 270g |
| Wisp | 15 | 900 | / | 0 |
| Archer | 6 | 780 | / | 60 |
| Huntress | 6 | 1170 | / | 120 |
| Mountain Giant | 1 | 350 | / | 100 |
| Dryad | 2 | 290 | / | 120 |
| total: | 30 | 3490g | / | 400w |
| Ancient Protector | 2 | 270 | / | 160 |
| Moon Well | 5 | 900 | / | 200 |
| Altar of Elders | 1 | 180 | / | 50 |
| Ancient of War | 2 | 300 | / | 120 |
| Hunter's Hall | 1 | 210 | / | 100 |
| Tree of Life | 1 | 340 | / | 185 |
| Ancient of Wonders | 1 | 90 | / | 30 |
| Ancient of Lore | 2 | 310 | / | 290 |
| Tree of Ages | 1 | 320 | / | 180 |
| total: | 15 | 2600g | / | 1135w |
| 0:03 | Wisp |
| 0:04 | Wisp |
| 0:10 | Moon Well |
| 0:18 | Altar of Elders |
| 0:23 | Wisp |
| 0:33 | Wisp |
| 0:44 | Ancient of War |
| 0:47 | Wisp |
| 1:09 | Wisp |
| 1:09 | Wisp |
| 1:25 | Moon Well |
| 1:29 | Wisp |
| 1:35 | Wisp |
| 1:49 | Archer |
| 2:07 | Ancient of War |
| 2:20 | Archer |
| 2:38 | Force of Nature |
| 2:48 | Archer |
| 2:52 | Moon Well |
| 2:56 | Wisp |
| 3:18 | Hunter's Hall |
| 3:22 | Archer |
| 3:44 | Archer |
| 4:15 | Entangling Roots |
| 4:23 | Archer |
| 4:28 | Moon Well |
| 6:21 | Ancient Protector |
| 6:45 | Tree of Ages |
| 6:47 | Strength of the Moon |
| 7:00 | Tree of Life |
| 7:15 | Huntress |
| 7:20 | Moon Well |
| 7:25 | Huntress |
| 7:57 | Moon Armor |
| 8:02 | Sentinel |
| 8:07 | Ancient Protector |
| 8:50 | Huntress |
| 8:54 | Ancient of Wonders |
| 9:10 | Wisp |
| 9:10 | Wisp |
| 9:10 | Wisp |
| 9:10 | Wisp |
| 9:11 | Wisp |
| 9:16 | Ancient of Lore |
| 9:53 | Force of Nature |
| 10:34 | Huntress |
| 10:35 | Huntress |
| 10:56 | Mountain Giant |
| 11:01 | Ancient of Lore |
| 11:08 | Huntress |
| 11:16 | Lesser Clarity Potion |
| 11:33 | Entangling Roots |
| 11:37 | Potion of Mana |
| 11:46 | Moon Glaive |
| 11:51 | Strength of the Wild |
| 11:53 | Dryad |
| 12:24 | Abolish Magic |
| 12:25 | Dryad |
| Right click | 226 |
| Select | 192 |
| Misc. action | 138 |
| Build/train/purchase | 50 |
| Select group | 41 |
| Use ability | 23 |
| Assign group | 13 |
| Esc | 1 |
⇛